 Dungeon Crawl Stone Soup version 0.22-a0-348-gd16d139 (webtiles) character file.

132 Amnesiac the Sneak (level 4, -4/22 HPs)
             Began as a Spriggan Assassin on Apr 9, 2018.
             Slain by Rhok's ghost (8 damage)
             ... on level 3 of the Dungeon.
             The game lasted 00:03:18 (2092 turns).

Amnesiac the Sneak (Spriggan Assassin)              Turns: 2092, Time: 00:03:19

Health: -4/22      AC:  3    Str:  7    XL:     4   Next: 92%
Magic:  5/5        EV: 19    Int: 12    God:
Gold:   94         SH:  0    Dex: 18    Spells: 3/3 levels left

rFire    . . .     SeeInvis +   a - +1 short sword (elec)
rCold    . . .     Gourm    .   (shield restricted)
rNeg     . . .     Faith    .   c - +0 robe
rPois    .         Spirit   .   (helmet restricted)
rElec    .         Reflect  .   d - +0 cloak
rCorr    .         Harm     .   (gloves unavailable)
MR       .....                  (boots unavailable)
Stlth    +++.......             (no amulet)
HPRegen  0.07/turn              (no ring)
MPRegen  0.09/turn              (no ring)

@: very quick
A: very small, unfitting armour, see invisible, herbivore, speed 3, slow
metabolism 2
a: no special abilities


You were on level 3 of the Dungeon.
You were not hungry.

You visited 1 branch of the dungeon, and saw 3 of its levels.

You collected 94 gold pieces.

Inventory:

Hand Weapons
 a - a +1 short sword of electrocution (weapon)
 b - a +0 blowgun
Missiles
 e - 4 poisoned needles
 f - 2 curare-tipped needles
Armour
 c - a +0 robe (worn)
 d - a +0 cloak (worn)
Wands
 p - a wand of enslavement (6)
Scrolls
 i - a scroll of amnesia {!r}
 k - a scroll of teleportation {!r}
 m - a scroll of magic mapping {!r, unknown}
 n - a scroll of remove curse {!r, unknown}
 s - a scroll of identify {!r}
Potions
 h - a potion of might {!q, unknown}
 j - a potion of lignification {!q, unknown}
 l - a potion of flight {!q}
 o - a potion of heal wounds {!q, unknown}
 q - a potion of curing {!q, unknown}
 r - a potion of resistance {!q, unknown}
Comestibles
 g - 4 rations


   Skills:
 - Level 1.5 Fighting
 - Level 4.0 Short Blades
 * Level 3.4 Throwing
 + Level 3.3 Dodging
 - Level 6.0 Stealth


You had 3 spell levels left.
You didn't know any spells.

Dungeon Overview and Level Annotations

Branches:
Dungeon (3/15)

Altars:
Nemelex Xobeh

Annotations:
D:3 Rhok's ghost, weakling DsWn


Innate Abilities, Weirdness & Mutations

You are very small and have problems with some larger weapons.
You are too small for most types of armour.
You have supernaturally acute eyesight. (SInv)
You are a herbivore.
You cover ground extremely quickly.
You need to consume almost no food.


Message History

No target in view!
You now have 94 gold pieces (gained 10).
You open the door.
There is an open door here.
Found a stone staircase leading up.
No target in view!
s - a scroll of identify {!r} No target in view!
Found a sparkling altar of Nemelex Xobeh.
No target in view!
There is an open door here.
You open the door.
There is an open door here.
You found a teleport trap!
No target in view!
There is an open door here.
There is an open door here.
A frilled lizard comes into view.
A frilled lizard is nearby!
A frilled lizard is nearby!
The helpless frilled lizard fails to defend itself.
You impale the frilled lizard!!
Lightning courses through the frilled lizard!
You kill the frilled lizard!
No target in view!
Rhok's ghost (weakling Demonspawn Wanderer) comes into view.
You see here a frilled lizard corpse.
Rhok's ghost turns its malevolent gaze towards you.
A giant cockroach comes into view.
You hit Rhok's ghost but do no damage. You hit Rhok's ghost.
Lightning courses through Rhok's ghost!
Rhok's ghost is severely damaged.
Rhok's ghost barely misses you. Rhok's ghost hits you.
You hit Rhok's ghost.
Rhok's ghost is almost destroyed.
Rhok's ghost hits you!
Ouch! That really hurt!
* * * LOW HITPOINT WARNING * * *
Press: ? - help, v - describe, . - travel
Here: Rhok's ghost (almost destroyed)
The floor.
You see here a frilled lizard corpse.
You hit the giant cockroach but do no damage.
The giant cockroach misses you.
You hit the giant cockroach but do no damage.
The giant cockroach misses you.
You hit the giant cockroach.
The giant cockroach is almost dead.
Rhok's ghost whispers, "Trust me.
Just give in."
The giant cockroach closely misses you.
You hit the giant cockroach but do no damage.
Lightning courses through the giant cockroach!
You kill the giant cockroach!
You barely miss Rhok's ghost.
Rhok's ghost is almost destroyed.
Rhok's ghost hits you.
* * * LOW HITPOINT WARNING * * *
Rhok's ghost screams, "I'll kill anyone who wants the ORB!"
You closely miss Rhok's ghost.
Rhok's ghost is almost destroyed.
Rhok's ghost wails.
Rhok's ghost hits you!
You die...

#........ .....##.#^#
#.########## #......#.#
#..........# #..#.###.#
#..........# #....#...#
#####..........# #†####.###
#.........)....# #.# #.#
#.###..........## #.# #.#
#.##...###).....###.####'##
#.#..###.......@W...##....#
#.#.##........##..####....#
#...#..######..#..# #....#
#..##.##....##†##.## #....#
#..#..#..[...#..#..# #....#
##.#..#....†.#..#..#####'#######
#.#..#......#..#...............
#.#..#..[(..#.)#..############.
#.##.##.....#)##..# #<.


You could see Rhok's ghost.

Vanquished Creatures
  Jessica (D:3)
  4 gnolls
  An adder (D:3)
  A worm (D:2)
  A leopard gecko (D:2)
  2 orcs (D:3)
  3 giant cockroaches
  7 goblins
  11 hobgoblins
  A jackal (D:3)
  4 kobolds
  2 quokkas (D:2)
  A ball python (D:3)
  2 bats
  4 frilled lizards
  5 rats (D:1)
50 creatures vanquished.

Notes
Turn   | Place    | Note
-------+----------+-------------------------------------------
     0 | D:1      | Amnesiac the Spriggan Assassin began the quest for the Orb.
     0 | D:1      | Reached XP level 1. HP: 10/10 MP: 2/2
    26 | D:1      | Reached skill level 6 in Stealth
   323 | D:1      | Reached XP level 2. HP: 11/14 MP: 3/3
   935 | D:2      | Reached XP level 3. HP: 18/18 MP: 4/4
  1534 | D:3      | Reached XP level 4. HP: 22/22 MP: 5/5
  1785 | D:3      | Noticed Jessica
  1802 | D:3      | Killed Jessica
  1990 | D:3      | Found a sparkling altar of Nemelex Xobeh.
  2069 | D:3      | Noticed Rhok's ghost (weakling DsWn)
  2092 | D:3      | Slain by Rhok's ghost

Vault maps used:
D:1:      evilmike_arrival_sounds_zot
D:2:      first_ration
D:3:      overflow_temple_1_default, overflow_temple_1_default,
          minmay_randomly_rotated_circles, uniq_jessica

Skill      XL: |  1  2  3  4 |
---------------+-------------+-----
Stealth        | 6 |  6.0
Short Blades   | 3 4 |  4.0
Dodging        | 2 3 |  3.3
Throwing       | 3 |  3.4
Fighting       | |  1.5

Action                   |  1- 3 |  4- 6 || total
-------------------------+-------+-------++-------
Melee: Dagger            |    59 |       ||    59
       Short sword       |    40 |    52 ||    92
 Fire: Blowgun           |     3 |     1 ||     4
  Use: Scroll            |       |     3 ||     3
 Stab: Sleeping          |     5 |     1 ||     6
Armor: Robe              |    11 |     2 ||    13
Dodge: Dodged            |    47 |    27 ||    74

Table legend:
 A = Spawn XP
 B = Non-spawn XP
 C = Spawn XP percentage of total XP
 D = Spawn monster count
 E = Non-spawn monster count
 F = Spawn count percentage of total count
 G = Total turns spent on level
                    A         B        C        D         E        F      G
               +---------+---------+-------+---------+---------+-------+---------
         Total |       0 |     189 |   0.0 |       0 |      50 |   0.0 |  2092
               +---------+---------+-------+---------+---------+-------+---------
           D:1 |       0 |      29 |   0.0 |       0 |      18 |   0.0 |   850
           D:2 |       0 |      59 |   0.0 |       0 |      17 |   0.0 |   623
           D:3 |       0 |     101 |   0.0 |       0 |      15 |   0.0 |   619
               +---------+---------+-------+---------+---------+-------+---------
